 Dungeon Crawl Stone Soup version 0.16.2-12-gd0ad4c3 (webtiles) character file.

62 SlimeFever the Insei (level 4, -7/28 HPs)
             Began as an Octopode Transmuter on Feb 29, 2016.
             Mangled by a worm (12 damage)
             ... on level 3 of the Dungeon.
             The game lasted 00:12:54 (2141 turns).

SlimeFever the Insei (Octopode Transmuter)          Turns: 2141, Time: 00:12:54

Health: -7/28      AC:  1    Str:  9    XL:     4   Next: 8%
Magic:  7/8        EV: 12    Int: 15    God:
Gold:   146        SH:  0    Dex: 13    Spells: 2 memorised, 3 levels left

rFire  . . .     SeeInvis .       - Unarmed
rCold  . . .     Clarity  .     (no shield)
rNeg   + . .     SustAb   .     (helmet restricted)
rPois  .         Gourm    .     (no amulet)
rElec  .         Spirit   .     c - ring of flight
rCorr  .         Warding  .     e - ring of positive energy
rMut   .         Stasis   .     (no ring)
MR     .....                    (no ring)
Stlth  +++.......               (no ring)
                                (no ring)
                                (no ring)
                                (no ring)

@: appendage (expiring), not resistant to hostile enchantments, fairly stealthy
A: almost no armour, amphibious, 8 rings, constrict 8, tentacle spike 3,
camouflage 1, gelatinous body 1
a: End Transformation, Evoke Flight


You were on level 3 of the Dungeon.
You were not hungry.
One of your tentacles had a temporary spike.
You visited 1 branch of the dungeon, and saw 3 of its levels.

You collected 146 gold pieces.

Inventory:

Missiles
 b - 12 arrows
 f - 29 poisoned needles
 i - 14 poisoned sling bullets
 j - 13 bolts of flame
 l - 14 sling bullets
Jewellery
 c - a ring of flight (left tentacle)
 e - a ring of positive energy (right tentacle)
Magical devices
 o - a wand of confusion (18)
Scrolls
 g - 2 scrolls of teleportation
Potions
 h - a potion of haste
 m - a potion of lignification {unknown}
 n - a potion of heal wounds
 p - a potion of restore abilities {unknown}
Books
 d - a book of Changes

   Spells                             Type                      Level
   a - Beastly Appendage              Transmutation                1
   b - Sticks to Snakes               Transmutation                2
   c - Spider Form                    Transmutation/Poison         3
   d - Ice Form                       Ice/Transmutation            4
   e - Blade Hands                    Transmutation                5
Comestibles
 a - a bread ration
 k - a beef jerky


   Skills:
 + Level 1.4 Fighting
 + Level 2.1 Dodging
 * Level 1.5 Stealth
 * Level 3.8 Unarmed Combat
 + Level 2.3 Spellcasting
 * Level 2.5 Transmutations


You had 3 spell levels left.
You knew the following spells:

 Your Spells              Type           Power        Failure   Level  Hunger
a - Beastly Appendage     Trmt           #.....       10%         1    #......
b - Spider Form           Trmt/Pois      #.........   43%         3    ###....


Dungeon Overview and Level Annotations

Branches:
Dungeon (3/15)

Altars:
Fedhas


Innate Abilities, Weirdness & Mutations

You cannot wear most types of armour.
You are amphibious.
You can wear up to eight rings at the same time.
You can use your tentacles to constrict many enemies at once.
Your skin changes colour to match your surroundings (Stealth).
Your rubbery body absorbs attacks (AC +1).
One of your tentacles bears a large vicious spike.


Message History

You tentacle-slap the worm.
The worm is moderately wounded.
You constrict the worm. You tentacle-slap the worm.
You pierce the worm, but do no damage.
The worm is heavily wounded.
Your transformation is almost over.
You constrict the worm, but do no damage.
The worm bites you!
You tentacle-slap the worm.
You pierce the worm, but do no damage.
The worm is heavily wounded.
You constrict the worm, but do no damage.
You tentacle-slap the worm but do no damage.
You pierce the worm.
You squeeze the worm, but do no damage.
The worm is heavily wounded.
You constrict the worm. The worm bites you!
* * * LOW HITPOINT WARNING * * *
You tentacle-slap the worm.
The worm is severely wounded.
You constrict the worm. The worm bites you!
You die...

....+....'...')............<,,,,+
....#.####...###.#.####....,,,*,*
.>..'.................#,,,,,,,+,*
....############.#<##.#,,,,,,,***
....# #.###*,#,,,,,,,* ##### #.#
*,*******,* # #.# *,,* *,* * #
###'#####.##****,*** ######
#..@........,,,,,*,, '....##
#..w.#......***,,*,, ####..##
#....#,....,* *,,*,, # #...#
#K...#,,.r.,* *,,*,, ######.#
#....#,,,.,,* *,,*** .≈≈≈...#
#....#,,,,,,***,,* * ########
#.$..#*****,,**,,* * ######
**,**,,* * *** *,,*,,* *


You could see a worm and a kobold (sleeping).

Vanquished Creatures
  An adder (D:2)
  A worm (D:2)
  5 giant geckos
  An ooze (D:1)
  5 giant cockroaches
  6 goblins
  2 hobgoblins (D:2)
  4 jackals (D:2)
  7 kobolds
  4 bats (D:1)
  A rat (D:2)
  A fungus (D:1)
38 creatures vanquished.

Notes
Turn   | Place    | Note
--------------------------------------------------------------
     0 | D:1      | SlimeFever, the Octopode Transmuter, began the quest for the Orb.
     0 | D:1      | Reached XP level 1. HP: 13/13 MP: 3/3
   200 | D:1      | Reached XP level 2. HP: 4/18 MP: 2/4
   730 | D:1      | Reached XP level 3. HP: 17/23 MP: 6/6
  1031 | D:2      | Reached skill level 1 in Stealth
  1150 | D:2      | HP: 1/23 [poisoned by an adder]
  1388 | D:2      | Reached XP level 4. HP: 28/28 MP: 8/8
  1398 | D:2      | Learned a level 3 spell: Spider Form
  2042 | D:3      | Found a blossoming altar of Fedhas.
  2141 | D:3      | Mangled by a worm

Action                   |  1- 3 |  4- 6 || total
-------------------------+-------+-------++-------
Melee: Unarmed           |   110 |    15 ||   125
 Cast: Beastly Appendage |    14 |     5 ||    19
  Use: Scroll            |     3 |     2 ||     5
       Potion            |     2 |       ||     2
 Stab: Sleeping          |     7 |     2 ||     9
  Eat: Beef jerky        |     1 |       ||     1
       Bread ration      |       |     1 ||     1
